 Dungeon Crawl Stone Soup version 0.23-a0-563-g409694ba0a (webtiles) character file.

124 Maize the Covered (level 4, -5/41 HPs)
             Began as a Minotaur Fighter on Dec 13, 2018.
             Killed from afar by an orc wizard (8 damage)
             ... with a magic dart
             ... on level 3 of the Dungeon.
             The game lasted 00:01:53 (2580 turns).

Maize the Covered (Minotaur Fighter)                Turns: 2580, Time: 00:01:54

Health: -5/41      AC:  7    Str: 21    XL:     4   Next: 81%
Magic:  3/3        EV: 13    Int:  5    God:
Gold:   191        SH:  0    Dex: 10    Spells: 3/3 levels left

rFire    . . .     SeeInvis .   a - +0 war axe
rCold    . . .     Gourm    .   (no shield)
rNeg     . . .     Faith    .   b - +0 scale mail
rPois    .         Spirit   .   s - +0 hat
rElec    .         Reflect  .   (no cloak)
rCorr    .         Harm     .   (no gloves)
MR       .....                  (no boots)
Stlth    ..........             (no amulet)
HPRegen  0.13/turn              e - +4 ring of evasion
MPRegen  0.08/turn              (no ring)

@: lethally poisoned (-5 -> -13)
A: retaliatory headbutt, horns 2
a: no special abilities


You were on level 3 of the Dungeon.
You were not hungry.

You visited 1 branch of the dungeon, and saw 3 of its levels.

You collected 191 gold pieces.

Inventory:

Hand Weapons
 a - a +0 war axe (weapon)
Armour
 b - a +0 scale mail (worn)
 s - a +0 hat (worn)
Jewellery
 e - a +4 ring of evasion (left hand)
 k - an uncursed amulet of rage {unknown}
Scrolls
 g - a scroll of blinking {unknown}
 h - a scroll of enchant armour {unknown}
 i - 3 scrolls of teleportation {unknown}
 j - 2 scrolls of identify {unknown}
 l - a scroll of noise {unknown}
 m - a scroll of immolation {unknown}
 n - a scroll of remove curse {unknown}
 q - a scroll of fear {unknown}
Potions
 c - a potion of curing {unknown}
 d - a potion of might
 o - a potion of mutation {unknown}
 p - a potion of heal wounds {unknown}
Comestibles
 f - 6 rations


   Skills:
 + Level 4.5 Fighting
 * Level 4.6 Axes
 + Level 4.6 Armour
   Level 3.6 Shields


You had 3 spell levels left.
You didn't know any spells.
Your spell library was empty.

Dungeon Overview and Level Annotations

Branches:
Dungeon (3/15)

Altars:
Ru


Innate Abilities, Weirdness & Mutations

You reflexively headbutt those who attack you in melee.
You have a pair of horns on your head.


Message History

The magic dart hits you!
* * * LOW HITPOINT WARNING * * *
The orc wizard mumbles some strange words.
The orc wizard seems to speed up.
Things that are here:
a +0 ring mail; an orc corpse The orc wizard gestures at you while chanting.
You resist with some effort.
Things that are here:
a +0 ring mail; an orc corpse You miss the orc wizard.
The orc wizard barely misses you. The orc wizard casts a spell at you.
The magic dart hits you!
* * * LOW HITPOINT WARNING * * *
You closely miss the orc wizard. Your headbutt misses the orc wizard.
The orc wizard hits you but does no damage.
You are lethally poisoned!
The orc wizard points at you and mumbles some strange words.
The magic dart hits you!
You die...

###############
........))o@..#
######.######.#
..$ .# ###. .#
.. .# #. .# .r
.# ._ .#


You could see an orc wizard.

Vanquished Creatures
  An orc priest (D:3)
  4 adders (D:2)
  A dart slug (D:2)
  5 leopard geckos
  3 orcs (D:3)
  A giant cockroach (D:1)
  9 goblins
  4 hobgoblins
  4 jackals (D:2)
  2 kobolds
  A quokka (D:3)
  4 bats
  7 frilled lizards
  2 rats
48 creatures vanquished.

Notes
Turn   | Place    | Note
-------+----------+-------------------------------------------
     0 | D:1      | Maize the Minotaur Fighter began the quest for the Orb.
     0 | D:1      | Reached XP level 1. HP: 19/19 MP: 0/0
   208 | D:1      | Reached XP level 2. HP: 17/27 MP: 1/1
   988 | D:2      | Reached XP level 3. HP: 24/33 MP: 2/2
  2142 | D:2      | Reached XP level 4. HP: 37/40 MP: 3/3
  2557 | D:3      | Found a sacrificial altar of Ru.
  2580 | D:3      | Killed from afar by an orc wizard

Vault maps used:
D:1:      lemuel_arrival_funnel
D:2:      minmay_chambers_of_ones
D:3:      nicolae_ru_sacrificial_ziggurat

Skill      XL: |  1  2  3 |
---------------+----------+-----
Axes           | 3 4 |  4.6
Fighting       | 4 |  4.5
Armour         | 4 |  4.6
Shields        | |  3.6

Action                   |  1- 3 |  4- 6 || total
-------------------------+-------+-------++-------
Melee: War axe           |    78 |    33 ||   111
       Headbutt          |     6 |     3 ||     9
  Eat: Chunk             |     4 |     1 ||     5
Armor: Scale mail        |    34 |    11 ||    45
Dodge: Dodged            |    58 |    26 ||    84
Block: Shield            |     6 |       ||     6

Table legend:
 A = Non-vault XP
 B = Vault XP
 C = Vault XP percentage of total XP
 D = Non-vault monster count
 E = Vault monster count
 F = Vault count percentage of total count
                 A         B        C        D         E       F
            +---------+---------+-------+---------+---------+-------
      Total |     171 |       7 |   3.9 |      43 |       5 |  10.4
            +---------+---------+-------+---------+---------+-------
        D:1 |      22 |       0 |   0.0 |      13 |       0 |   0.0
        D:2 |      97 |       7 |   6.7 |      25 |       5 |  16.7
        D:3 |      52 |       0 |   0.0 |       5 |       0 |   0.0
            +---------+---------+-------+---------+---------+-------
